 Dungeon Crawl Stone Soup version 0.30-a0-1163-gf69bf04e7a (webtiles) character file.

Game seed: 7167286340731329586

9 Esekla the Sneak (level 2, 21/21 HPs)
             Began as an Octopode Delver on Apr 29, 2023.
             Quit the game on level 5 of the Dungeon.
             The game lasted 00:01:15 (143 turns).

Esekla the Sneak (Octopode Delver)                   Turns: 143, Time: 00:01:15

Health: 21/21      AC:  1    Str: 11    XL:     2   Next: 12%
Magic:  2/2        EV: 13    Int: 12    God:
Gold:   51         SH:  0    Dex: 13    Spells: 1/1 levels left

rFire   . . .        a - +0 falchion
rCold   . . .        (no shield)
rNeg    . . .        (helmet restricted)
rPois   .            (no amulet)
rElec   .            (no ring)
rCorr   .            (no ring)
SInv    .            (no ring)
Will    .....        (no ring)
Stlth   ++++         (no ring)
HPRegen 0.23/turn    (no ring)
MPRegen 0.08/turn    (no ring)
                     (no ring)

%: no passive effects
@: no status effects
A: almost no armour, amphibious, 8 rings, camouflage 1, gelatinous body 1,
(nimble swimmer 1), tentacles
a: no special abilities


You were on level 5 of the Dungeon.
You visited 1 branch of the dungeon, and saw 1 of its levels.

You collected 51 gold pieces.

Inventory:

Hand Weapons
 a - a +0 falchion (weapon)
Wands
 f - a wand of digging (3)
Scrolls
 b - a scroll of fog
 c - a scroll of blinking {unknown}
Potions
 e - a potion of haste


   Skills:
 * Level 3.1 Fighting
 * Level 2.1 Long Blades
 * Level 2.1 Dodging
 + Level 6.9 Stealth
 * Level 0.2 Spellcasting


You had one spell level left.
You didn't know any spells.
Your spell library was empty.

Dungeon Overview and Level Annotations

Branches:
Dungeon (5/15)
 Temple: D:4-7

Altars:
Vehumet


Innate Abilities, Weirdness & Mutations

You cannot wear most types of armour.
You are amphibious.
You can wear up to eight rings at the same time.
Your skin changes colour to match your surroundings (Stealth+).
Your rubbery body absorbs attacks. (AC +1, EV +1)
((You are camouflaged when in or above water. (Stealth+)))
You have tentacles for arms and can constrict up to eight enemies at once.


Message History

You now have 24 gold pieces (gained 21).
You now have 40 gold pieces (gained 16).
You now have 51 gold pieces (gained 11).
You see here a +0 robe of positive energy.
Found a runed orb.
You see here a +0 robe of positive energy.
Found a stone staircase leading up.
A howler monkey comes into view.
Found a scroll labelled ZUF FYQIMAIPN.
c - a scroll labelled ZUF FYQIMAIPN
Okay, then.
A gnoll bouda comes into view. It is wielding a +0 whip.
The gnoll bouda shouts!
You hear a shout! x2
The gnoll bouda barks out a call to the hunt!
A gnoll comes into view. It is wielding a +0 flail. x2
The gnoll bouda barks out a call to the hunt!
A gnoll comes into view. It is wielding a +1 halberd of venom.
A gnoll comes into view. It is wielding a +0 flail.
The gnoll bouda gazes fiercely through you!
You feel your attacks grow feeble.
The gnoll bouda gazes fiercely through you!
You feel as though you will be weak longer.
The gnoll is no longer moving quickly. x2
The gnoll bouda barks out a call to the hunt!
The gnoll picks up the pace!
A gnoll comes into view. It is wielding a +3 spear.
The gnoll shouts!
You hear a howl!
The gnoll bouda barks out a call to the hunt!
The gnoll picks up the pace!
The gnoll barely misses you.
As you read the scroll of fear, it crumbles to dust.
You assume a fearsome visage.
The gnoll bouda looks frightened!
The gnoll looks frightened! x4; The howler monkey looks frightened!
Your attacks no longer feel as feeble.
Cornered, the gnoll turns to fight!
Found a stone staircase leading down.
Found a radiant altar of Vehumet.
The gnoll is no longer moving quickly.
Found a rapier.
Are you sure you want to abandon this character and quit the game? (Confirm with "yes".)

******* ##§..§)##*
#..§.○...#
#..☼_..#.#
#........#*####
#........+.#...
####........#.#...
#.............#...
#@#......###..#...
#.#......'........
#.##.....##.#.#...
#........##.#<....
###.#'##....g.....
#.......#.......
#..>............
#.......######..
######### ###


There were no monsters in sight!

Vanquished Creatures
  An adder (D:5)
1 creature vanquished.

Notes
Turn   | Place    | Note
-------+----------+-------------------------------------------
     0 | D:5      | Esekla the Octopode Delver began the quest for the Orb.
     0 | D:5      | Reached XP level 1. HP: 16/16 MP: 1/1
    11 | D:5      | Reached XP level 2. HP: 15/21 MP: 2/2
    93 | D:5      | Noticed a howler monkey
   135 | D:5      | Found a radiant altar of Vehumet.
   143 | D:5      | Quit the game

Illustrated notes

Levels and vault maps discovered:
D:5:      layout_basic, fiery_altar_vehumet

Action                     || total
---------------------------++-------
  Melee: Falchion          ||     3
         Constrict         ||     1
    Use: Scroll            ||     2
  Dodge: Dodged            ||     2

Table legend: (Time is in decaauts)
 A = Elapsed time spent in this place.
 B = Non-inter-level travel time spent in this place.
 C = Inter-level travel time spent in this place.
 D = Time resting spent in this place.
 E = Time spent auto-exploring this place.
 F = Levels seen in this place.
 G = Mean time per level.
                   A        B        C        D        E       F      G
               +--------+--------+--------+--------+--------+-----+--------+
         Total |    143 |    143 |      0 |     26 |      0 |   1 |  143.0 |
       Dungeon |    143 |    143 |      0 |     26 |      0 |   1 |  143.0 |
               +--------+--------+--------+--------+--------+-----+--------+

Top non-repeatable levels by time:
     D:5: 143 daAuts
